TOP OF THE 1ST |
Orlando Calrissian batting - Pitching for Hendersonville Hitmen : LHP Simon Martel
|
Pitching: LHP Simon Martel
|
|
Batting: RHB Kenny Cole
|
0-0: Swinging Strike 0-1: Ball 1-1: Swinging Strike 1-2: Strikes out looking
|
Batting: RHB Enrique Bermúdez
|
0-0: Called Strike 0-1: Called Strike 0-2: Ball 1-2: Ball 2-2: Ball 3-2: Foul Ball, location: 2F 3-2: Fly out, F8 (Line Drive, 8RS)
|
Batting: LHB Santiago Márquez
|
0-0: Called Strike 0-1: Foul Ball, location: 2F 0-2: Ball 1-2: Foul Ball, location: 2F 1-2: Fly out, F3 (Popup, 3F)
|
Top of the 1st over - 0 run(s), 0 hit(s), 0 error(s), 0 left on base; Orlando 0 - Hendersonville 0 |
BOTTOM OF THE 1ST |
Hendersonville Hitmen batting - Pitching for Orlando Calrissian : RHP Reagan Wear
|
Pitching: RHP Reagan Wear
|
|
Batting: RHB Junior Vargas
|
0-0: Swinging Strike 0-1: Ball 1-1: Fly out, F8 (Flyball, 8RD)
|
Batting: LHB Lorenzo Quintanilla
|
0-0: Foul Ball, location: 2F 0-1: Ball 1-1: Fly out, F6 (Popup, 56D)
|
Batting: RHB Manolo Román
|
0-0: Called Strike 0-1: Ball 1-1: Foul Ball, location: 2F 1-2: Foul Ball, location: 2F 1-2: Ball 2-2: Strikes out swinging
|
Bottom of the 1st over - 0 run(s), 0 hit(s), 0 error(s), 0 left on base; Orlando 0 - Hendersonville 0 |
TOP OF THE 2ND |
Orlando Calrissian batting - Pitching for Hendersonville Hitmen : LHP Simon Martel
|
Batting: RHB Rich Anderson
|
0-0: Ball 1-0: Ball 2-0: Foul Ball, location: 2F 2-1: Swinging Strike 2-2: Fly out, F4 (Popup, 4D)
|
Batting: LHB Danny Allen
|
0-0: Called Strike 0-1: Ball 1-1: DOUBLE (Line Drive, 78D)
|
Batting: RHB Frederico Hernández
|
0-0: Called Strike 0-1: Swinging Strike 0-2: Strikes out looking
|
Batting: SHB Tim Abbott
|
0-0: Called Strike 0-1: Ball 1-1: Ground out 5-3 (Groundball, 56S)
|
Top of the 2nd over - 0 run(s), 1 hit(s), 0 error(s), 1 left on base; Orlando 0 - Hendersonville 0 |
BOTTOM OF THE 2ND |
Hendersonville Hitmen batting - Pitching for Orlando Calrissian : RHP Reagan Wear
|
Batting: LHB Tony Abete
|
0-0: Ball 1-0: Foul Ball, location: 2F 1-1: Swinging Strike 1-2: Ball 2-2: Ball 3-2: SOLO HOME RUN (Flyball, 8RXD), Distance : 435 ft
|
Batting: SHB Tony López
|
0-0: Fly out, F9 (Flyball, 89D)
|
Batting: LHB Jerry Johnston
|
0-0: Called Strike 0-1: Swinging Strike 0-2: Foul Ball, location: 2F 0-2: Foul Ball, location: 2F 0-2: Ball 1-2: Ground out 4-3 (Groundball, 4M)
|
Batting: LHB Enrique Nalasco
|
0-0: Ball 1-0: Ground out 1-3 (Groundball, 15)
|
Bottom of the 2nd over - 1 run(s), 1 hit(s), 0 error(s), 0 left on base; Orlando 0 - Hendersonville 1 |
TOP OF THE 3RD |
Orlando Calrissian batting - Pitching for Hendersonville Hitmen : LHP Simon Martel
|
Batting: LHB Juan Colón
|
0-0: Ball 1-0: Called Strike 1-1: Swinging Strike 1-2: Ball 2-2: Strikes out swinging
|
Batting: RHB Raúl Canó
|
0-0: Swinging Strike 0-1: Foul Ball, location: 2F 0-2: Ground out U3 (Groundball, 3S)
|
Batting: RHB Kenny Cole
|
0-0: Foul Ball, location: 2F 0-1: Fly out, F5 (Line Drive, 5)
|
Top of the 3rd over - 0 run(s), 0 hit(s), 0 error(s), 0 left on base; Orlando 0 - Hendersonville 1 |
BOTTOM OF THE 3RD |
Hendersonville Hitmen batting - Pitching for Orlando Calrissian : RHP Reagan Wear
|
Batting: RHB Robert Buckley
|
0-0: Called Strike 0-1: Called Strike 0-2: Strikes out looking
|
Batting: RHB Taylor McFarland
|
0-0: Ball 1-0: Fly out, F4 (Line Drive, 4)
|
Batting: RHB Junior Vargas
|
0-0: Fly out, F7 (Flyball, 78M)
|
Bottom of the 3rd over - 0 run(s), 0 hit(s), 0 error(s), 0 left on base; Orlando 0 - Hendersonville 1 |
TOP OF THE 4TH |
Orlando Calrissian batting - Pitching for Hendersonville Hitmen : LHP Simon Martel
|
Batting: RHB Enrique Bermúdez
|
0-0: Ground out 5-3 (Groundball, 15S)
|
Batting: LHB Santiago Márquez
|
0-0: DOUBLE (Groundball, 3L)
|
Batting: RHB Rich Anderson
|
0-0: Ball 1-0: Ball 2-0: Called Strike 2-1: Ball 3-1: Foul Ball, location: 2F 3-2: Base on Balls
|
Batting: LHB Danny Allen
|
0-0: Ball 1-0: Fielders Choice at 2nd, 4-6 (Groundball, 4M) Santiago Márquez to third
|
Batting: RHB Frederico Hernández
|
0-0: Ball 1-0: SINGLE (Line Drive, 7LS) Santiago Márquez scores Danny Allen to second
|
Batting: SHB Tim Abbott
|
0-0: Swinging Strike 0-1: Called Strike 0-2: Ball 1-2: Foul Ball, location: 2F 1-2: Foul Ball, location: 2F 1-2: Ball 2-2: Foul Ball, location: 2F 2-2: Ball 3-2: Foul Ball, location: 2F 3-2: Foul Ball, location: 2F 3-2: SINGLE (Groundball, 4) Danny Allen to third Frederico Hernández to second Danny Allen scores Frederico Hernández to third
|
Batting: LHB Juan Colón
|
0-0: Called Strike Tim Abbott steals 2nd base 0-1: Foul Ball, location: 2F 0-2: Ball 1-2: Foul Ball, location: 2F 1-2: Fly out, F7 (Flyball, 78D)
|
Top of the 4th over - 2 run(s), 3 hit(s), 0 error(s), 2 left on base; Orlando 2 - Hendersonville 1 |
BOTTOM OF THE 4TH |
Hendersonville Hitmen batting - Pitching for Orlando Calrissian : RHP Reagan Wear
|
Batting: LHB Lorenzo Quintanilla
|
0-0: Called Strike 0-1: Ball 1-1: Ground out 4-3 (Groundball, 4)
|
Batting: RHB Manolo Román
|
0-0: Ball 1-0: Swinging Strike 1-1: Ground out 6-3 (Groundball, 6M)
|
Batting: LHB Tony Abete
|
0-0: Ball 1-0: Ball 2-0: Ball 3-0: Base on Balls
|
Batting: SHB Tony López
|
0-0: Ball 1-0: Ball 2-0: Foul Ball, location: 2F 2-1: Swinging Strike 2-2: Ground out U3 (Groundball, 3L)
|
Bottom of the 4th over - 0 run(s), 0 hit(s), 0 error(s), 1 left on base; Orlando 2 - Hendersonville 1 |
TOP OF THE 5TH |
Orlando Calrissian batting - Pitching for Hendersonville Hitmen : LHP Simon Martel
|
Pitching: RHP Won-min Im
|
|
Batting: RHB Raúl Canó
|
0-0: Ground out 6-3 (Groundball, 6M)
|
Batting: RHB Kenny Cole
|
0-0: Foul Ball, location: 2F 0-1: Ball 1-1: Ball 2-1: Ball 3-1: Called Strike 3-2: Strikes out swinging
|
Batting: RHB Enrique Bermúdez
|
0-0: Called Strike 0-1: Foul Ball, location: 2F 0-2: Strikes out swinging
|
Top of the 5th over - 0 run(s), 0 hit(s), 0 error(s), 0 left on base; Orlando 2 - Hendersonville 1 |
BOTTOM OF THE 5TH |
Hendersonville Hitmen batting - Pitching for Orlando Calrissian : RHP Reagan Wear
|
Pitching: RHP Dave Heath
|
|
Batting: LHB Jerry Johnston
|
0-0: Foul Ball, location: 2F 0-1: Ball 1-1: Ball 2-1: Foul Ball, location: 2F 2-2: Ball 3-2: Base on Balls
|
Batting: LHB Enrique Nalasco
|
0-0: Ball 1-0: DOUBLE (Flyball, 78XD) Jerry Johnston to third
|
Batting: RHB Robert Buckley
|
0-0: Fly out, F7 (Flyball, 78XD) Runner from 3rd tags up, SCORES, no throw Enrique Nalasco to third
|
Batting: RHB Taylor McFarland
|
0-0: Called Strike 0-1: Fly out, F9 (Flyball, 9M) Runner from 3rd tags up, SCORES, throw made
|
Batting: RHB Junior Vargas
|
0-0: Fly out, F9 (Flyball, 9LM)
|
Bottom of the 5th over - 2 run(s), 1 hit(s), 0 error(s), 0 left on base; Orlando 2 - Hendersonville 3 |
TOP OF THE 6TH |
Orlando Calrissian batting - Pitching for Hendersonville Hitmen : RHP Won-min Im
|
Batting: LHB Santiago Márquez
|
0-0: Ball 1-0: Ball 2-0: Swinging Strike 2-1: Ball 3-1: Called Strike 3-2: SINGLE (Groundball, 3D)
|
Batting: RHB Rich Anderson
|
0-0: Ball 1-0: Ball 2-0: SINGLE (Line Drive, 7LS) Santiago Márquez to second
|
Batting: LHB Danny Allen
|
0-0: Ball 1-0: Called Strike 1-1: Fly out, F4 (Popup, 4)
|
Batting: RHB Frederico Hernández
|
0-0: Ball 1-0: Called Strike 1-1: Foul Ball, location: 2F 1-2: Ball 2-2: DOUBLE (Line Drive, 7LM) Santiago Márquez scores Rich Anderson to third Runner from 3rd tries for Home, SAFE, throw made at trailing runner, SAFE at third!
|
Batting: SHB Tim Abbott
|
0-0: Fly out, F8 (Flyball, 8LXD) Runner from 3rd tags up, SCORES, no throw
|
Pitching: RHP Edward Cadle
|
|
Batting: LHB Juan Colón
|
0-0: Ball 1-0: Foul Ball, location: 2F 1-1: Foul Ball, location: 2F 1-2: Ball 2-2: Strikes out looking
|
Top of the 6th over - 3 run(s), 3 hit(s), 0 error(s), 0 left on base; Orlando 5 - Hendersonville 3 |
BOTTOM OF THE 6TH |
Hendersonville Hitmen batting - Pitching for Orlando Calrissian : RHP Dave Heath
|
Batting: LHB Lorenzo Quintanilla
|
0-0: Foul Ball, location: 2F 0-1: Ball 1-1: Fly out, F2 (Popup, 25F)
|
Batting: RHB Manolo Román
|
0-0: Called Strike 0-1: Ball 1-1: Fly out, F3 (Popup, 3)
|
Batting: LHB Tony Abete
|
0-0: TRIPLE (Flyball, 78D)
|
Batting: SHB Tony López
|
0-0: Called Strike 0-1: Foul Ball, location: 2F 0-2: Ball 1-2: Foul Ball, location: 2F 1-2: Ball 2-2: Foul Ball, location: 2F 2-2: SINGLE (Groundball, 34D) Tony Abete scores
|
Pitching: LHP José Ramírez
|
|
Batting: LHB Jerry Johnston
|
0-0: Called Strike Tony López steals 2nd base 0-1: Ball 1-1: Called Strike 1-2: Strikes out swinging
|
Bottom of the 6th over - 1 run(s), 2 hit(s), 0 error(s), 1 left on base; Orlando 5 - Hendersonville 4 |
TOP OF THE 7TH |
Orlando Calrissian batting - Pitching for Hendersonville Hitmen : RHP Edward Cadle
|
Batting: RHB Raúl Canó
|
0-0: Ball 1-0: Swinging Strike 1-1: Foul Ball, location: 2F 1-2: Strikes out swinging
|
Batting: RHB Kenny Cole
|
0-0: Called Strike 0-1: Ball 1-1: Foul Ball, location: 2F 1-2: Foul Ball, location: 2F 1-2: Ball 2-2: Ball 3-2: SINGLE (Line Drive, 8LS)
|
Batting: RHB Enrique Bermúdez
|
0-0: Fielders Choice at 2nd, 3-6 (Groundball, 3)
|
Batting: LHB Santiago Márquez
|
0-0: Called Strike 0-1: Swinging Strike 0-2: Strikes out swinging
|
Top of the 7th over - 0 run(s), 1 hit(s), 0 error(s), 1 left on base; Orlando 5 - Hendersonville 4 |
BOTTOM OF THE 7TH |
Hendersonville Hitmen batting - Pitching for Orlando Calrissian : LHP José Ramírez
|
Batting: LHB Enrique Nalasco
|
0-0: Ball 1-0: SINGLE (Line Drive, 89S)
|
Batting: RHB Robert Buckley
|
0-0: Bunted foul 0-1: Bunted foul 0-2: Ball 1-2: DOUBLE (Line Drive, 9D) Enrique Nalasco to third
|
Pinch Hitting: RHB Felipe Rivera
|
0-0: Ball 1-0: Ball 2-0: Foul Ball, location: 2F 2-1: Ground out 1-3 (Groundball, 15)
|
Pinch Hitting: RHB Bill Mark
|
0-0: Ball 1-0: Foul Ball, location: 2F 1-1: Ball 2-1: Foul Ball, location: 2F 2-2: SINGLE (Groundball, 6M) Enrique Nalasco scores Robert Buckley to third Runner from 3rd tries for Home, SAFE, no throw or cutoff
|
Pinch Hitting: RHB Eduardo García
|
0-0: Ball 1-0: 2-RUN HOME RUN (Flyball, 7D), Distance : 388 ft
|
Pitching: LHP Carlos Berru
|
|
Pinch Hitting: RHB Mal Snyder
|
0-0: Ball 1-0: Foul Ball, location: 2F 1-1: Called Strike 1-2: Ball 2-2: Ground out 5-3 (Groundball, 15S)
|
Batting: SHB David Johnstone
|
0-0: SINGLE (Groundball, 4M)
|
Pinch Hitting: RHB Lúcio García
|
0-0: Called Strike 0-1: Ball 1-1: Ball 2-1: 2-RUN HOME RUN (Flyball, 78XD), Distance : 422 ft
|
Batting: LHB Jerry Johnston
|
0-0: Ball 1-0: Fly out, F8 (Line Drive, 8LM)
|
Bottom of the 7th over - 6 run(s), 6 hit(s), 0 error(s), 0 left on base; Orlando 5 - Hendersonville 10 |
TOP OF THE 8TH |
Orlando Calrissian batting - Pitching for Hendersonville Hitmen : RHP Edward Cadle
|
Now at 1B: Mal Snyder
|
|
Now at 2B: Alfredo Rangel
|
|
Now at SS: Bill Mark
|
|
Now in CF: Eduardo García
|
|
Now in RF: Felipe Rivera
|
|
Batting: RHB Rich Anderson
|
0-0: Called Strike 0-1: Foul Ball, location: 2F 0-2: Ball 1-2: Foul Ball, location: 2F 1-2: Ball 2-2: SINGLE (Line Drive, 6MD)
|
Batting: LHB Danny Allen
|
0-0: Ball 1-0: Swinging Strike 1-1: Foul Ball, location: 2F 1-2: Ball 2-2: Foul Ball, location: 2F 2-2: Ball 3-2: SINGLE (Groundball, 34D) Rich Anderson to second Runner from 2nd tries for 3rd, SAFE, throw made to third
|
Batting: RHB Frederico Hernández
|
0-0: Called Strike 0-1: Foul Ball, location: 2F 0-2: Ball 1-2: Foul Ball, location: 2F 1-2: Foul Ball, location: 2F 1-2: Ball 2-2: Foul Ball, location: 2F 2-2: Ball 3-2: Fly out, F9 (Flyball, 89XD) Runner from 3rd tags up, SCORES, no throw
|
Batting: SHB Tim Abbott
|
0-0: Ball 1-0: Ball 2-0: Foul Ball, location: 2F 2-1: DOUBLE (Line Drive, 89D) Danny Allen to third Runner from 3rd tries for Home, SAFE, no throw or cutoff
|
Pitching: LHP Alfonso Ramos
|
|
Batting: LHB Juan Colón
|
0-0: Ball 1-0: Called Strike 1-1: Ball 2-1: Called Strike 2-2: Ball 3-2: Strikes out swinging
|
Batting: RHB Raúl Canó
|
0-0: Called Strike 0-1: Called Strike 0-2: Strikes out swinging
|
Top of the 8th over - 2 run(s), 3 hit(s), 0 error(s), 1 left on base; Orlando 7 - Hendersonville 10 |
BOTTOM OF THE 8TH |
Hendersonville Hitmen batting - Pitching for Orlando Calrissian : LHP Carlos Berru
|
Pinch Hitting: RHB Phil Jacobs
|
0-0: SOLO HOME RUN (Flyball, 7LD), Distance : 354 ft
|
Pitching: LHP Mike Murray
|
|
Batting: RHB Robert Buckley
|
0-0: Ball 1-0: Ball 2-0: Foul Ball, location: 2F 2-1: Ball 3-1: Foul Ball, location: 2F 3-2: Strikes out swinging
|
Batting: RHB Felipe Rivera
|
0-0: Foul Ball, location: 2F 0-1: Ball 1-1: Foul Ball, location: 2F 1-2: Foul Ball, location: 2F 1-2: Ball 2-2: Foul Ball, location: 2F 2-2: Foul Ball, location: 2F 2-2: Strikes out swinging
|
Batting: RHB Bill Mark
|
0-0: Called Strike 0-1: Ball 1-1: Ground out 5-3 (Groundball, 56)
|
Bottom of the 8th over - 1 run(s), 1 hit(s), 0 error(s), 0 left on base; Orlando 7 - Hendersonville 11 |
TOP OF THE 9TH |
Orlando Calrissian batting - Pitching for Hendersonville Hitmen : LHP Alfonso Ramos
|
Pitching: RHP Francisco Carrasco
|
|
Now at SS: Phil Jacobs
|
|
Batting: RHB Kenny Cole
|
0-0: Called Strike 0-1: Ball 1-1: Ball 2-1: Foul Ball, location: 2F 2-2: Ball 3-2: Base on Balls
|
Batting: RHB Enrique Bermúdez
|
0-0: Ball 1-0: Ball 2-0: Called Strike 2-1: Ball 3-1: Called Strike 3-2: Strikes out swinging Kenny Cole is caught stealing 2nd base Batter strikes out.
|
Batting: LHB Santiago Márquez
|
0-0: Called Strike 0-1: Ball 1-1: Ball 2-1: Called Strike 2-2: Strikes out swinging
|
Top of the 9th over - 0 run(s), 0 hit(s), 0 error(s), 0 left on base; Orlando 7 - Hendersonville 11 |
|